 Dungeon Crawl Stone Soup version 0.30.0-19-g36f170ea60 (webtiles) character file.

Game seed: 3181770079857308748

38 Gabide the Shooter (level 3, -2/29 HPs)
             Began as a Demigod Hunter on May 28, 2023.
             Slain by a gnoll
             ... wielding a +0 flail
              (8 damage)
             ... on level 2 of the Dungeon.
             The game lasted 00:02:08 (845 turns).

Gabide the Shooter (Demigod Hunter)                  Turns: 845, Time: 00:02:09

Health: -2/29      AC: 10    Str: 12    XL:     3   Next: 10%
Magic:  5/5        EV: 12    Int: 11    God:
Gold:   50         SH:  0    Dex: 21    Spells: 2/2 levels left

rFire   . . .        a - +0 shortbow
rCold   + . .        (shield currently unavailable)
rNeg    . . .        c - +0 leather armour
rPois   .            h - +0 helmet
rElec   .            l - +0 cloak
rCorr   .            (no gloves)
SInv    .            f - +0 pair of boots
Will    .....        (no amulet)
Stlth   ++           e - +4 ring of protection
HPRegen 0.24/turn    j - ring of protection from cold
MPRegen 0.09/turn

%: no passive effects
@: no status effects
A: high MP 1, forlorn, divine attributes
a: no special abilities


You were on level 2 of the Dungeon.
You visited 1 branch of the dungeon, and saw 2 of its levels.

You collected 50 gold pieces.

Inventory:

Hand Weapons
 a - a +0 shortbow (weapon)
Armour
 c - a +0 leather armour (worn)
 f - a +0 pair of boots (worn)
 h - a +0 helmet (worn)
 l - a +0 cloak (worn)
Jewellery
 e - a +4 ring of protection (left hand)
 j - a ring of protection from cold (right hand)
Scrolls
 b - a scroll of immolation
 g - a scroll of noise {unknown}
 k - a scroll of fog {unknown}
 m - a scroll of vulnerability {unknown}
Potions
 d - a potion of curing {unknown}
 i - a potion of mutation {unknown}


   Skills:
 + Level 2.2 Fighting
 + Level 3.9 Ranged Weapons
 + Level 2.2 Dodging
 + Level 1.7 Stealth


You had 2 spell levels left.
You didn't know any spells.
Your spell library was empty.

Dungeon Overview and Level Annotations

Branches:
Dungeon (2/15)

Shops:
D:1 *   D:2 =


Innate Abilities, Weirdness & Mutations

You have an increased reservoir of magic. (+10% MP)
You shall have no god before yourself.
Your divine heritage dramatically boosts your attributes as you level up.


Message History

You kill the gnoll!
The gnoll closely misses you.
You shoot an arrow. The arrow hits the gnoll.
The gnoll is severely wounded.
The gnoll hits you with a +0 whip.
You shoot an arrow. The arrow closely misses the gnoll.
The arrow barely misses the gnoll.
The gnoll hits you with a +0 whip. The gnoll hits you but does no damage.
You shoot an arrow. The arrow closely misses the gnoll.
The arrow barely misses the gnoll.
The arrow hits the gnoll but does no damage.
The gnoll barely misses you.
You shoot an arrow. The arrow hits the gnoll.
You kill the gnoll!
You have reached level 3!
Your experience leads to a dramatic increase in your attributes!
Increase (S)trength, (I)ntelligence, or (D)exterity?
You feel agile. x4
You shoot an arrow. The arrow hits the gnoll.
The gnoll is severely wounded.
The gnoll hits you with a +0 flail! The gnoll barely misses you.
The gnoll hits you with a +0 flail!
* * * LOW HITPOINT WARNING * * *
The gnoll hits you but does no damage.
You are too injured to fight recklessly!
You are too injured to fight recklessly!
You are too injured to fight recklessly!
You are too injured to fight recklessly!
You are too injured to fight recklessly!
You are too injured to fight recklessly!
You are too injured to fight recklessly!
You are too injured to fight recklessly!
You are too injured to fight recklessly!
You are too injured to fight recklessly!
You are too injured to fight recklessly!
You are too injured to fight recklessly!
You are too injured to fight recklessly!
You are too injured to fight recklessly!
The gnoll attacks as you move away! The gnoll hits you with a +0 flail!
You die...

.......##.....# #.....#
# #....)..##...##
###.### #
#.....g####g######
####.## # #####g##
#......# #.....# # #.#
######.# #.##..# #g# #.#
#.##..## #g# #g#
#.##...# #... #g#
#.##.#.# #.... ##@#
#.##...## #..... ##..#
#.#.....## #....
.####...#######........#
'...
.'......................
#.
.####...########.......#
# #........# ##.....## #
... #.##.###.# #....## #
... #.##.# #.#.## #'#
#.##.# #.###


You could see 2 gnolls.

Vanquished Creatures
  2 gnolls (D:2)
  2 ball pythons (D:1)
  2 endoplasms
  3 giant cockroaches (D:1)
  A hobgoblin (D:1)
  A quokka (D:2)
  2 bats
  3 kobolds
  3 rats (D:1)
19 creatures vanquished.

Notes
Turn   | Place    | Note
-------+----------+-------------------------------------------
     0 | D:1      | Gabide the Demigod Hunter began the quest for the Orb.
     0 | D:1      | Reached XP level 1. HP: 17/17 MP: 3/3
    15 | D:1      | Reached skill level 1 in Stealth
   107 | D:1      | Found Tedomuk's Assorted Antiques.
   199 | D:1      | Reached XP level 2. HP: 24/24 MP: 4/4
   502 | D:2      | Found Niczai's Jewellery Shop.
   844 | D:2      | Reached XP level 3. HP: 23/29 MP: 5/5
   845 | D:2      | Slain by a gnoll

Illustrated notes

Levels and vault maps discovered:
D:1:      matt_arrival_grand_opening, layout_rooms, serial_shops,
          nicolae_shop_overgrown_old_shop
D:2:      layout_loops_corners, serial_shops, nicolae_shop_tiny_statue_garden,
          nicolae_lakefront_shop, shop

Skill      XL: |  1 |
---------------+----+-----
Stealth        | 1 |  1.7
Fighting       | 2 |  2.2
Dodging        | 2 |  2.2
Ranged Weapons | |  3.9

Action                     || total
---------------------------++-------
   Fire: Shortbow          ||    63
    Use: Scroll            ||     1
 Armour: Leather armour    ||    14
  Dodge: Dodged            ||    16
